 Dungeon Crawl Stone Soup version 0.29.1-12-g30fa7ad0bf (webtiles) character file.

Game seed: 1084200725709534465

86266 FexLirch the Devastator (level 16, -1/151 (156) HPs)
             Began as a Meteoran Transmuter on Dec 13, 2022.
             Was a Believer of Ashenzari.
             Slain by a wolf spider (3 damage)
             ... on level 4 of the Spider Nest.
             The game lasted 02:05:24 (10476 turns).

FexLirch the Devastator (Meteoran Transmuter)      Turns: 10476, Time: 02:05:26

HP:   -1/151 (156)  AC: 16    Str: 30    XL:     16   Next: 86%
MP:   0/28          EV: 12    Int: 19    God:    Ashenzari [**....]
Gold: 1231          SH:  5    Dex: 17    Spells: 2/30 levels left

rFire   + + +      SeeInvis +     - Unarmed
rCold   x . .      Faith    .   (shield currently unavailable)
rNeg    . . .      Spirit   .   (body armour currently unavailable)
rPois   +          Reflect  +   (helmet currently unavailable)
rElec   .          Harm     .   (cloak currently unavailable)
rCorr   .          Rampage  .   (gloves currently unavailable)
Will    ++...                   (boots currently unavailable)
Stlth   +.........              p - amulet of the Eternal Augur {Reflect SH+5, Alch, Elem} (curse)
HPRegen 0.35/turn               u - ring "Bound Together" {Str+6, Elem, Melee} (curse)
MPRegen 0.21/turn               r - ring of protection from fire

@: short of breath, dragon-form (expiring), wereblooded, flying, very slightly
contaminated, glowing, lightly drained
A: dragon claw, dragon scales, breathe fire, flying, boosted hp, giant, sense
surroundings 2, otherworldly, glowing, explore regen, (hooves 1), frail 2,
mutation resistance 1, subdued magic 1, (sturdy frame 1)
a: Breathe Fire, End Transformation, Renounce Religion, Curse Item, Shatter the
Chains


You were on level 4 of the Spider Nest.
You worshipped Ashenzari.
Ashenzari was pleased with you.
You were a fearsome dragon!
You visited 4 branches of the dungeon, and saw 24 of its levels.
You also visited: Bailey and Volcano.

You collected 1351 gold pieces.
You spent 120 gold pieces at shops.

Inventory:

Hand Weapons
 M - the +14 obsidian axe {vorpal, Mesm Drain Fly SInv}
   (You found it on level 3 of the Lair of Beasts)

   It inflicts extra damage upon your enemies.
   It occasionally summons demons to assist the wielder when it strikes in
   combat.
   Its wielder is mesmerised by any visible foes.
   It cannot be unequipped while any foes are visible.
   SInv:      It lets you see invisible.
   Fly:       It grants you flight.
   Drain:     It drains your maximum health when unequipped.
 U - the +8 scimitar of Unefeaf {vorpal, rF++ rC+ Stlth-}
   (You found it on level 5 of the Lair of Beasts)

   It inflicts extra damage upon your enemies.
   rF:        It greatly protects you from fire.
   rC:        It protects you from cold.
   Stlth:     It makes you less stealthy.
Armour
 w - the cursed +2 pair of gloves "Circumscribed With Me" (melded) {Fort, Elem}
   (You found it on level 4 of the Dungeon)

   It has a curse which improves the following skills: Fortitude: Armour and
   Shields.
   Elements:  Fire Magic, Ice Magic, Air Magic and Earth Magic.
 A - a +2 cloak (melded)
 O - a +0 troll leather armour (melded)
 P - +0 acid dragon scales
 S - the cursed +3 helmet of Ashenzari's Lethargy (melded) {Str+2 Int+7, Self, Cun}
   (You acquired it on level 14 of the Dungeon)

   Str:       It affects your strength (+2).
   Int:       It affects your intelligence (+7).
   It has a curse which improves the following skills: Introspection: Fighting
   and Spellcasting.
   Cunning:   Dodging and Stealth.
 V - quicksilver dragon scales
 W - the +0 ring mail of the Many Orbs {Regen+}
   (You found it on level 3 of the Spider Nest)

   Regen:     It increases your rate of health regeneration.
Magical Staves
 f - a staff of cold
 H - a staff of air
Jewellery
 l - a ring of fire
 m - a ring of willpower
 p - the cursed amulet of the Eternal Augur (around neck) {Reflect SH+5, Alch, Elem}
   (You found it on level 3 of the Dungeon)

   [amulet of reflection]

   It reflects blocked missile attacks.
   SH:        It affects your SH (+5).
   It has a curse which improves the following skills: Alchemy: Poison Magic and
   Transmutations.
   Elements:  Fire Magic, Ice Magic, Air Magic and Earth Magic.
 r - a ring of protection from fire (right foreclaw)
 u - the cursed ring "Bound Together" (left foreclaw) {Str+6, Elem, Melee}
   (You found it on level 4 of the Dungeon)

   [ring of strength]

   Str:       It affects your strength (+6).
   It has a curse which improves the following skills: Elements: Fire Magic, Ice
   Magic, Air Magic and Earth Magic.
   Melee Combat: Short Blades, Long Blades, Axes, Maces & Flails, Polearms,
   Staves and Unarmed Combat.
 F - a ring of protection from cold
 N - a ring of ice
Wands
 a - a wand of flame (13)
 E - a wand of polymorph (7)
 G - a wand of charming (5)
 I - a wand of roots (9)
 Q - a wand of light (6)
Scrolls
 d - 2 scrolls of blinking
 e - 3 scrolls of poison
 i - 3 scrolls of fog
 j - 4 scrolls of amnesia
 n - 3 scrolls of enchant weapon
 o - a scroll of enchant armour
 q - 7 scrolls of noise
 s - 7 scrolls of magic mapping
 t - 3 scrolls of teleportation
 v - 3 scrolls of torment
 x - 5 scrolls of summoning
 y - 3 scrolls of fear
Potions
 b - 4 potions of lignification
 c - 7 potions of haste
 h - 6 potions of attraction
 k - 6 potions of might
 z - 5 potions of curing
 B - 4 potions of heal wounds
 C - 5 potions of brilliance
 D - a potion of ambrosia
 J - 7 potions of resistance
 K - 3 potions of magic
 L - 3 potions of cancellation
 R - 2 potions of mutation
Miscellaneous
 g - a condenser vane
 T - a phantom mirror


   Skills:
 - Level 8.8 Fighting
 - Level 9.9 Dodging
 - Level 14.2(15.3) Unarmed Combat
 - Level 7.7 Spellcasting
 + Level 18.0 Conjurations
 - Level 14.9(16.1) Transmutations
 - Level 5.0(6.9) Fire Magic
 - Level 10.1(12.0) Ice Magic
 - Level 2.5(4.1) Earth Magic


You had 2 spell levels left.
You knew the following spells:

 Your Spells              Type           Power      Damage    Failure   Level
a - Beastly Appendage     Tmut           100%       N/A       0%          1
b - Wereblood             Tmut           51%        N/A       0%          2
c - Ice Form              Ice/Tmut       46%        N/A       1%          4
d - Frozen Ramparts       Ice            80%        1d13      1%          3
e - Irradiate             Conj/Tmut      26%        3d20      1%          5
f - Dragon Form           Tmut           25%        N/A       9%          7
g - Statue Form           Tmut/Erth      23%        N/A       19%         6

Your spell library contained the following spells:

 Spells                   Type           Power      Damage    Failure   Level
 Freeze                   Ice            100%       1d11      1%          1
 Dazzling Flash           Conj/Hex       64%        N/A       1%          3
 Spider Form              Tmut/Pois      29%        N/A       1%          3
 Hailstorm                Conj/Ice       49%        3d11      1%          4
 Iskenderun's Mystic Bla  Conj/Tloc      32%        2d8       1%          4
 Petrify                  Tmut/Erth      35%        N/A       1%          4
 Blade Hands              Tmut           25%        N/A       1%          5
 Fireball                 Conj/Fire      21%        3d10      1%          5
 Iskenderun's Battlesphe  Conj           55%        2d11      1%          5
 Freezing Cloud           Conj/Ice/Air   17%        6-21      3%          5
 Orb of Destruction       Conj           27%        9d9       3%          7
 Inner Flame              Hex/Fire       15%        N/A       5%          3
 Starburst                Conj/Fire      21%        6d7       7%          6
 Metabolic Englaciation   Hex/Ice        11%        N/A       19%         5
 Call Canine Familiar     Summ           5%         N/A       24%         3
 Portal Projectile        Hex/Tloc       10%        N/A       24%         3
 Conjure Ball Lightning   Conj/Air       16%        3x3d6     28%         6
 Leda's Liquefaction      Hex/Erth       5%         N/A       34%         4
 Anguish                  Hex/Necr       2%         N/A       63%         4
 Cause Fear               Hex            2%         N/A       63%         4
 Simulacrum               Ice/Necr       11%        N/A       73%         6
 Silence                  Hex/Air        2%         N/A       92%         5
 Agony                    Necr           5%         N/A       93%         5
 Enfeeble                 Hex            2%         N/A       100%        7
 Discord                  Hex            2%         N/A       100%        8
 Polar Vortex             Ice            20%        N/A       100%        9


Dungeon Overview and Level Annotations

Branches:
Dungeon (14/15) Zot: 1605  Temple (1/1) D:4 Zot: 598    Lair (5/5) D:9 Zot: 691
 Shoals (0/4) Lair:3       Spider (4/4) Lair:2 Zot: 1613   Slime (0/5) Lair:5
    Orc (0/2) D:12         Vaults (0/5) D:14         Bailey (visited)
Volcano (visited)

Altars:
Ashenzari
Cheibriados
Dithmenos
Kikubaaqudgha
Sif Muna
Trog
Uskayaw
Wu Jian
Zin
Jiyva

Shops:
D:3 :   D:4 [:*[   D:6 *

Annotations:
D:14 2 runed translucent doors, Opnastoc's ghost, journeyman MiBe
Spider:4 Kirke


Innate Abilities, Weirdness & Mutations

You are a fearsome dragon!
You have a powerful clawing attack.
Your giant scaled body is strong and resiliant, but less evasive.
You can breathe fire.
You are flying.
Your maximum health is greatly increased.
Your armour is entirely melded.
You are incapable of wielding weapons or throwing items.
You passively map the area around you.
You are easily found by Zot.
You glow in the dark.
You regain HP and MP as you explore.
((You have large cloven feet.))
You are very frail. (-20% HP)
You are somewhat resistant to further mutation.
Your spells are a little easier to cast, but a little less powerful.
((Your movements are slightly less encumbered by armour. (ER -2)))


Message History

The jumping spider pounces on you but does no damage.
The jumping spider closely misses you. The ghost moth stares at you.
You feel your power leaking away.
The jumping spider leaps! x2
Unknown command.
Unknown command.
You roar as the wereblood boils in your veins!
The ghost moth stares at you.
You feel your power leaking away. The jumping spider pounces on you!
* * * LOW HITPOINT WARNING * * *
The jumping spider closely misses you.
Unknown command.
Unknown command.
You feel much better. The jumping spider pounces on you.
* * * LOW HITPOINT WARNING * * *
The jumping spider bites you but does no damage.
The jumping spider pounces on you.
* * * LOW HITPOINT WARNING * * *
The jumping spider bites you but does no damage.
The ghost moth stares at you.
You feel your power leaking away.
Unknown command.
The jumping spider leaps!
The wolf spider hits you but does no damage.
The wolf spider bites you but does no damage.
The jumping spider pounces on you.
* * * LOW HITPOINT WARNING * * *
You block the jumping spider's attack. The ghost moth stares at you.
There is a stone staircase leading up here.
Unknown command.
Unknown command.
Unknown command.
Unknown command.
The jumping spider leaps!
The wolf spider hits you!
* * * LOW HITPOINT WARNING * * *
The wolf spider bites you.
You die...

........ ........
.s............○.#*
...... ....s...###
,,, , ...#....#.##
, , .......††..###
,.$.....s.....#
,?....s†s....## ,
.......ys○.## ,
,,, .......sD..# ,
,, ....#.....## ,
,......#..^#
,,.....###### , ,
....# * , , ,
....*, , * , ,* ,
,, *### * , * ,,
*, * , * , * * *


You could see a ghost moth (invisible), a wolf spider, an orb spider, a
culicivora and 3 jumping spiders.

Vanquished Creatures
  3 entropy weavers
  2 spark wasps (Spider:3)
  4 boulder beetles
  9 hydras
  Erica (D:8)
  A radroach (Spider:2)
  2 jorogumos
  2 centaur warriors (D:14)
  2 two-headed ogres
  A tengu warrior (D:14)
  4 pharaoh ants
  A skeletal warrior (D:14)
  2 sun moths
  The ghost of tbole the Grappler, a novice OgMo of Trog (D:5)
  An orb spider (Spider:3)
  2 steelbarb worms
  A deep elf archer (D:14)
  A deep elf zephyrmancer (D:14)
  An orc knight (D:14)
  The ghost of TheSexyCheese the Covered, a novice MiFi (D:5)
  2 lindwurms (Volcano)
  2 ugly things
  6 wolf spiders
  2 manticores
  5 cyclopes
  10 elephants
  A moth of wrath (Spider:3)
  4 cane toads
  4 centaur skeletons (D:14)
  5 torpor snails
  Maggie (Lair:2)
  2 molten gargoyles (Volcano)
  5 efreet
  3 rime drakes
  A kobold demonologist (D:14)
  5 demonic crawlers
  11 komodo dragons
  3 tengu conjurers
  4 trolls
  A meliai (Lair:2)
  9 polar bears
  11 tarantellas
  6 hornets
  Grinder (D:4)
  Prince Ribbit (D:9)
  29 blink frogs
  A dream sheep (Lair:5)
  4 slime creatures
  26 jumping spiders
  2 shadows
  A vampire (D:11)
  10 culicivoras
  Sigmund (D:4)
  5 wyverns
  16 yaks
  8 spriggans (Lair:5)
  A wraith (D:12)
  4 fire elementals (Volcano)
  A hog (Spider:4)
  Grum (D:8)
  5 basilisks
  33 redbacks
  3 vampire mosquitoes (D:14)
  A warg (D:12)
  2 acid dragons
  7 water moccasins
  A swamp drake (D:9)
  An ice beast (D:8)
  5 orc warriors
  7 black bears
  A sky beast (D:8)
  2 ogres (D:5)
  5 boggarts (Lair:5)
  26 wolves
  14 centaurs
  5 kobold brigands
  11 bullfrogs
  4 earth elementals (Volcano)
  A gnoll sergeant (D:12)
  2 scorpions
  A necrophage (D:7)
  14 wights
  6 killer bees
  A howler monkey (D:14)
  An electric eel (Spider:1)
  A gnoll bouda (D:8)
  5 orc priests
  4 hounds
  3 jellies
  4 iguanas
  6 orc wizards
  19 gnolls
  3 adders
  A shadow imp (D:7)
  A white imp (D:5)
  An ufetubus (D:7)
  2 dart slugs (D:4)
  46 orcs
  4 ball pythons
  4 bats
  3 endoplasms
  A giant cockroach (D:3)
  8 goblins
  7 hobgoblins
  28 kobolds
  6 quokkas
  3 frilled lizards
  4 rats
  2 fire vortices (Volcano)
582 creatures vanquished.

Vanquished Creatures (others)
  A kobold (D:10)
  15 fungi
  22 plants
38 creatures vanquished.

Grand Total: 620 creatures vanquished

Notes
Turn   | Place    | Note
-------+----------+-------------------------------------------
     0 | D:1      | FexLirch the Meteoran Transmuter began the quest for the
                  | Orb.
     0 | D:1      | Reached XP level 1. HP: 16/16 MP: 5/5
    81 | D:1      | Reached XP level 2. HP: 15/23 MP: 4/6
   253 | D:1      | Reached XP level 3. HP: 27/28 MP: 6/8
   351 | D:1      | Learned a level 2 spell: Wereblood
   612 | D:2      | Found a faded altar of an unknown god.
   714 | D:3      | Found a broken altar of Ashenzari.
   740 | D:3      | Found Geves's Book Shop.
   763 | D:3      | Became a worshipper of Ashenzari the Shackled
   807 | D:4      | Found Zeuwet's General Store.
   817 | D:4      | Found Poyttuil's Antique Armour Emporium.
   817 | D:4      | Found Ziosiol's Book Shoppe.
   954 | D:2      | Reached XP level 4. HP: 32/34 MP: 7/9
  1040 | D:2      | Learned a level 4 spell: Ice Form
  1120 | D:3      | Found a glowing silver altar of Zin.
  1554 | D:4      | Noticed Sigmund
  1618 | D:4      | Gained mutation: You are covered in fur. (AC +1) [potion of
                  | mutation]
  1618 | D:4      | Gained mutation: You are frail. (-10% HP) [potion of
                  | mutation]
  1618 | D:4      | Gained mutation: You occasionally lose the ability to drink
                  | potions when taking damage. [potion of mutation]
  1621 | D:4      | Killed Sigmund
  1622 | D:4      | Reached skill level 5 in Unarmed Combat
  1622 | D:4      | Reached XP level 5. HP: 36/36 MP: 10/10
  1622 | D:4      | Reached XP level 6. HP: 42/42 MP: 11/11
  1643 | D:4      | Found an ancient bone altar of Kikubaaqudgha.
  1700 | D:4      | Found a staircase to the Ecumenical Temple.
  1706 | Temple   | Entered the Ecumenical Temple
  1713 | D:4      | Learned a level 3 spell: Frozen Ramparts
  1862 | D:4      | Found a bloodstained altar of Trog.
  1886 | D:4      | Reached skill level 5 in Transmutations
  1901 | D:4      | Reached XP level 7. HP: 28/46 MP: 8/12
  1949 | D:4      | Reached * piety under Ashenzari
  1992 | D:4      | Noticed Grinder
  2001 | D:4      | Killed Grinder
  2030 | D:4      | Identified the cursed +2 pair of gloves "Circumscribed With
                  | Me" {Fort, Elem} (You found it on level 4 of the Dungeon)
  2034 | D:5      | Entered Level 5 of the Dungeon
  2065 | D:5      | Reached XP level 8. HP: 53/53 MP: 6/13
  2107 | D:5      | Identified a scroll of acquirement
  2143 | D:6      | Found Pumi's General Store.
  2395 | D:7      | Reached skill level 5 in Ice Magic
  2413 | D:7      | Reached ** piety under Ashenzari
  2466 | D:8      | Noticed Grum
  2484 | D:7      | Gained mutation: You passively map the area around you.
                  | [Meteoran growth]
  2484 | D:7      | Reached XP level 9. HP: 11/57 MP: 9/14
  2747 | D:5      | Reached skill level 1 in Conjurations
  2801 | D:5      | Reached skill level 2 in Conjurations
  3006 | D:5      | Found a runed translucent gate.
  3006 | D:5      | Found a runed translucent gate.
  3008 | D:5      | Found a runed translucent gate.
  3010 | D:5      | Noticed TheSexyCheese's ghost (novice MiFi)
  3010 | D:5      | Noticed tbole's ghost (novice OgMo)
  3026 | D:5      | Killed tbole's ghost
  3027 | D:5      | Reached skill level 3 in Conjurations
  3029 | D:5      | Killed TheSexyCheese's ghost
  3030 | D:5      | Reached skill level 4 in Conjurations
  3030 | D:5      | Reached XP level 10. HP: 69/69 MP: 8/15
  3147 | D:4      | Found Zied's Antique Armour Shop.
  3160 | D:4      | Bought 2 potions of heal wounds for 120 gold pieces
  3480 | D:7      | Reached skill level 5 in Conjurations
  3509 | D:8      | Noticed a two-headed ogre
  3552 | D:7      | Found a snail-covered altar of Cheibriados.
  3715 | D:8      | Found a shimmering blue altar of Sif Muna.
  3752 | D:8      | Killed Grum
  3765 | D:8      | Reached skill level 5 in Dodging
  3765 | D:8      | Reached skill level 6 in Conjurations
  3793 | D:8      | Noticed Erica
  3817 | D:8      | Killed Erica
  3977 | D:8      | Reached skill level 10 in Transmutations
  3981 | D:8      | Reached XP level 11. HP: 76/76 MP: 16/16
  4156 | D:9      | Noticed a manticore
  4156 | D:9      | Noticed a red ugly thing
  4164 | D:9      | Killed a red ugly thing
  4165 | D:9      | Reached skill level 7 in Conjurations
  4167 | D:9      | Killed a manticore
  4174 | D:9      | Learned a level 5 spell: Irradiate
  4190 | D:10     | Entered Level 10 of the Dungeon
  4255 | D:9      | Noticed Prince Ribbit
  4260 | D:9      | Killed Prince Ribbit
  4261 | D:9      | Reached skill level 5 in Fighting
  4503 | D:9      | Lost mutation: You occasionally lose the ability to drink
                  | potions when taking damage. [potion of mutation]
  4503 | D:9      | Lost mutation: You are covered in fur. (AC +1) [potion of
                  | mutation]
  4503 | D:9      | Gained mutation: Your body sometimes deteriorates upon
                  | taking damage. [potion of mutation]
  4503 | D:9      | Gained mutation: You expend magic power (3 MP) to
                  | strengthen your wands. [potion of mutation]
  4503 | D:9      | Gained mutation: You occasionally lose the ability to read
                  | scrolls when taking damage. [potion of mutation]
  4504 | D:9      | Lost mutation: Your body sometimes deteriorates upon taking
                  | damage. [potion of mutation]
  4504 | D:9      | Lost mutation: You expend magic power (3 MP) to strengthen
                  | your wands. [potion of mutation]
  4504 | D:9      | Gained mutation: Your movements are slightly less
                  | encumbered by armour. (ER -2) [potion of mutation]
  4504 | D:9      | Gained mutation: Your movements are less encumbered by
                  | armour. (ER -4) [potion of mutation]
  4504 | D:9      | Gained mutation: You have large cloven feet. [potion of
                  | mutation]
  4639 | D:10     | Reached skill level 8 in Conjurations
  4665 | D:9      | Found a flagged portal.
  4674 | Bailey   | Entered a bailey
  4862 | Bailey   | Lost mutation: You occasionally lose the ability to read
                  | scrolls when taking damage. [potion of mutation]
  4862 | Bailey   | Lost mutation: Your movements are less encumbered by
                  | armour. (ER -4) [potion of mutation]
  4862 | Bailey   | Gained mutation: You are somewhat resistant to further
                  | mutation. [potion of mutation]
  4862 | Bailey   | Gained mutation: Your spells are a little easier to cast,
                  | but a little less powerful. [potion of mutation]
  5096 | D:9      | Found a shadowy altar of Dithmenos.
  5197 | D:11     | Noticed a boulder beetle
  5221 | D:11     | Reached skill level 10 in Unarmed Combat
  5226 | D:11     | Killed a boulder beetle
  5282 | D:12     | Reached XP level 12. HP: 85/85 MP: 17/17
  5556 | D:12     | Found a staircase to the Orcish Mines.
  5583 | D:12     | Reached skill level 9 in Conjurations
  5899 | D:14     | Reached skill level 1 in Fire Magic
  6052 | D:14     | Noticed a six-headed hydra
  6061 | D:14     | Killed a six-headed hydra
  6159 | D:14     | Noticed a six-headed hydra
  6168 | D:14     | Killed a six-headed hydra
  6203 | D:14     | Noticed a deep elf zephyrmancer
  6208 | D:14     | Noticed a deep elf archer
  6211 | D:14     | Killed a deep elf zephyrmancer
  6223 | D:14     | Killed a deep elf archer
  6230 | D:14     | Noticed a tengu warrior
  6234 | D:14     | Noticed a skeletal warrior
  6234 | D:14     | Noticed a tengu warrior
  6236 | D:14     | Killed a tengu warrior
  6237 | D:14     | Reached XP level 13. HP: 36/92 MP: 1/20
  6254 | D:14     | Reached skill level 10 in Conjurations
  6281 | D:14     | Noticed a centaur warrior
  6289 | D:14     | Killed a centaur warrior
  6312 | D:14     | Acquired the +3 helmet "Feffacw" {Str+2 Int+7}
  6322 | D:14     | Noticed a four-headed hydra
  6327 | D:14     | Killed a four-headed hydra
  6346 | D:14     | Found a large runed translucent door.
  6347 | D:14     | Found a large runed translucent door.
  6353 | D:14     | Reached skill level 5 in Spellcasting
  6361 | D:14     | Noticed a centaur warrior
  6367 | D:14     | Killed a centaur warrior
  6408 | D:14     | Noticed Opnastoc's ghost (journeyman MiBe)
  6497 | D:14     | Found a gate to the Vaults.
  6629 | D:13     | Noticed a two-headed ogre
  6633 | D:13     | Killed a two-headed ogre
  6759 | D:12     | Noticed a seven-headed hydra
  6763 | D:12     | Killed a seven-headed hydra
  6774 | D:12     | Noticed a two-headed ogre
  6778 | D:12     | Killed a two-headed ogre
  6779 | D:12     | Reached skill level 11 in Conjurations
  6849 | D:12     | Learned a level 7 spell: Dragon Form
  7080 | D:9      | Found a staircase to the Lair.
  7135 | Lair:1   | Entered Level 1 of the Lair of Beasts
  7213 | Lair:1   | Reached XP level 14. HP: 101/101 MP: 23/23
  7762 | Lair:2   | Noticed Maggie
  7772 | Lair:2   | Killed Maggie
  7773 | Lair:2   | Reached skill level 5 in Fire Magic
  7810 | Lair:2   | Found a hole to the Spider Nest.
  7964 | Lair:3   | Found a staircase to the Shoals.
  8124 | Lair:5   | Entered Level 5 of the Lair of Beasts
  8177 | Lair:5   | Reached skill level 12 in Conjurations
  8248 | Lair:4   | Found a dark tunnel.
  8257 | Volcano  | Entered a volcano
  8492 | Lair:3   | Found the +14 obsidian axe {vorpal, Mesm Drain Fly SInv}
  8524 | Lair:4   | Reached XP level 15. HP: 108/108 MP: 5/26
  8584 | Lair:4   | Reached skill level 10 in Ice Magic
  8595 | Lair:4   | Found a hide-covered altar of Uskayaw.
  8597 | Lair:4   | Found an ornate altar of the Wu Jian Council.
  8808 | Lair:5   | Found a snail-covered altar of Cheibriados.
  8862 | Lair:5   | Found a staircase to the Slime Pits.
  8862 | Lair:5   | Found a viscous altar of Jiyva.
  9137 | Lair:5   | Reached skill level 1 in Earth Magic
  9139 | Lair:5   | HP: 7/165 [blink frog[a boggart] (10)]
  9358 | Lair:5   | Reached skill level 13 in Conjurations
  9506 | Lair:5   | Identified the +8 scimitar of Unefeaf {vorpal, rF++ rC+
                  | Stlth-}
  9542 | Lair:5   | Learned a level 6 spell: Statue Form
  9634 | Spider:1 | Entered Level 1 of the Spider Nest
  9709 | Spider:1 | Gained mutation: You are very frail. (-20% HP) [mutagenic
                  | glow]
  9720 | Spider:1 | Reached skill level 14 in Conjurations
  9781 | Spider:2 | Reached XP level 16. HP: 104/104 MP: 28/28
  9880 | Spider:2 | Reached skill level 15 in Conjurations
 10188 | Spider:2 | Reached skill level 16 in Conjurations
 10246 | Spider:3 | Identified the +0 ring mail of the Many Orbs {Regen+}
 10336 | Spider:3 | Reached skill level 17 in Conjurations
 10377 | Spider:4 | Entered Level 4 of the Spider Nest
 10390 | Spider:4 | Noticed a ghost moth
 10394 | Spider:4 | Noticed Kirke
 10462 | Spider:4 | Reached skill level 18 in Conjurations
 10473 | Spider:4 | HP: 6/151 [jumping spider (8)]
 10476 | Spider:4 | HP: 2/151 [wolf spider (15)]
 10476 | Spider:4 | Slain by a wolf spider

Illustrated notes

Levels and vault maps discovered:
D:1:      nzn_arrival_crosshair, layout_basic
D:2:      layout_rooms, serial_aquarium, aquarium_bridge_square
          [aquarium_subvault_wall, aquarium_subvault_wall,
          aquarium_subvault_bridge, aquarium_subvault_bridge],
          aquarium_bridge_straight [aquarium_subvault_bridge,
          aquarium_subvault_window, aquarium_subvault_bridge,
          aquarium_subvault_wall], aquarium_window_fake, aquarium_window_1,
          aquarium_window_fake, aquarium_window_3, aquarium_view_2d,
          aquarium_balcony_5b, aquarium_pool_S,
          dilly_ecumenical_altar_fadedgnrine, guppyfry_early_lair_pool
D:3:      cheibrodos_old_hovel, layout_basic, zin_statuary,
          nicolae_ashenzari_skybound, serial_shops, nicolae_shop_statue_plus,
          amcnicky_mini_pool_small
D:4:      layout_loops_corners, overflow_temple_1_default, lemuel_doored_altar,
          temple_green, minivault_25, nicolae_wooded_promenade,
          grunt_decor_fettered, uniq_grinder, uniq_sigmund
D:5:      layout_loops_ring, gammafunk_temple_overflow_wave,
          gammafunk_ghost_cemetery, serial_aquarium,
          aquarium_bridge_long_separate [aquarium_subvault_balcony,
          aquarium_subvault_window, aquarium_subvault_bridge,
          aquarium_subvault_bridge, aquarium_subvault_wall,
          aquarium_subvault_bridge], aquarium_window_2, aquarium_window_corner,
          aquarium_view_2a, aquarium_view_2b, aquarium_pool_1,
          corexii_leaking_fountain, minmay_misc_feat_rows, grunt_ministairs_12
D:6:      layout_basic, fedhas_altar_decomposition,
          worldfamousw_hep_ancestral_shrine, serial_shops, nicolae_diamond_shop,
          kennysheep_generic_room_11
D:7:      layout_basic, cheibriados_altar_1
D:8:      layout_loops_corners, mainiacjoe_overflow_six_doors_small,
          minivault_1, uniq_grum, uniq_erica
D:9:      minmay_diamond_stairs, layout_irregular_city,
          nicolae_dithmenos_through_a_glass_darkly, erik_lair_dragon,
          enter_bailey_8, minmay_door_square, roderic_serpentine_path,
          kennysheep_generic_room_3, uniq_prince_ribbit1
D:10:     layout_roguey, mainiacjoe_overflow_catwalk,
          nicolae_overflow_crystal_walls, hellmonk_guarded_unrand_night,
          uniq_harold
D:11:     layout_basic, nicolae_sif_muna_little_library
D:12:     layout_loops_ring, erik_orc_3
D:13:     layout_basic
D:14:     kennysheep_room_grid, layout_stronghold,
          hangedman_vaults_entry_quadrant_bands, ebering_ghost_disaster_area,
          serial_bayou_pond_c, evilmike_minifort, uniq_frances
Temple:   nicolae_temple_figure_zero
Lair:1:   layout_gridlike, chequers_serial_rivers_micro_c, grunt_megastairs_5
Lair:2:   layout_long_grid, hellmonk_spider_entry_not_the_bees, uniq_maggie
Lair:3:   layout_roguey, minmay_shoals_entry_centaurs, ebering_ghost_xom,
          dreamdust_deal_with_the_devil, bobbens_dragon_lair_wall,
          infiniplex_staircase_pool_2
Lair:4:   layout_cave_pods, nicolae_volcano_entry_hallway,
          nzn_masters_of_martial_movement, grunt_megastairs_2
Lair:5:   minmay_lair_end_enchanted_forest, layout_small_grid, slime_entry_1,
          kennysheep_snail_temple, serial_bayou_shore_b, lemuel_fruit_fields
Spider:1: nicolae_spider_jumping_over_cracks [nicolae_spider_jumping_sub_notch,
          nicolae_spider_jumping_sub_pools, nicolae_spider_jumping_sub_stairs,
          nicolae_spider_jumping_sub_no_exit], ebering_ghost_xom
Spider:2: layout_spider_delve, nicolae_spider_cling_halls
Spider:3: layout_spider_delve, nicolae_spider_some_kinda_spiderbox
Spider:4: hellmonk_spider_rune_bug_friends, uniq_kirke

Skill      XL: |  1  2  3  4  5  6  7  8  9 10 11 12 13 14 15 16 |
---------------+-------------------------------------------------+-----
Unarmed Combat | 4 5 6 7 8 9 10 11 12 13 14 | 14.2
Transmutations | 3 4 5 6 7 8 10 11 12 13 14 | 14.9
Ice Magic      | 2 3 4 5 6 7 8 9 10 | 10.1
Conjurations   | 4 6 8 9 11 12 14 18 | 18.0
Dodging        | 4 5 6 7 8 9 |  9.9
Fighting       | 3 4 5 6 7 8 |  8.8
Spellcasting   | 3 4 5 7 |  7.7
Fire Magic     | 2 4 5 |  5.0
Earth Magic    | 2 |  2.5

Action                   |  1- 3 |  4- 6 |  7- 9 | 10-12 | 13-15 | 16-18 || total
-------------------------+-------+-------+-------+-------+-------+-------++-------
Melee: Unarmed           |    83 |    64 |    99 |   250 |   454 |   122 ||  1072
       Headbutt          |     5 |     9 |    13 |     2 |       |       ||    29
       Kick              |    11 |    21 |     7 |     2 |     2 |     9 ||    52
       Punch             |       |       |     2 |       |    17 |    11 ||    30
       Staff             |       |       |       |     9 |     7 |       ||    16
       Tailslap          |       |       |       |       |    53 |    10 ||    63
       Bite              |       |       |       |       |    30 |    14 ||    44
 Cast: Beastly Appendage |    20 |    16 |     8 |     3 |       |       ||    47
       Wereblood         |     2 |    10 |    11 |    23 |    11 |     6 ||    63
       Frozen Ramparts   |       |       |     7 |    26 |     4 |       ||    37
       Ice Form          |       |       |     9 |    25 |    10 |       ||    44
       Irradiate         |       |       |       |    16 |    30 |    10 ||    56
       Dragon Form       |       |       |       |       |    19 |     6 ||    25
       Statue Form       |       |       |       |       |       |     1 ||     1
Invok: Curse Item        |       |     1 |     2 |       |     1 |       ||     4
 Abil: Breathe Fire      |       |       |       |       |    11 |     8 ||    19
  Use: Potion            |       |     7 |     2 |     6 |     3 |     5 ||    23
       Scroll            |       |     6 |       |       |     3 |     1 ||    10
Armor: Robe              |    25 |     6 |    13 |     1 |       |       ||    45
       Skin              |       |     2 |    10 |    98 |   198 |    90 ||   398
       Troll leather arm |       |       |       |     2 |     3 |       ||     5
Dodge: Dodged            |    45 |    17 |    35 |   140 |   226 |    77 ||   540
Block: Other             |     1 |    13 |    20 |    78 |   116 |    37 ||   265
       Reflection        |       |       |     1 |    13 |     4 |       ||    18
